 Dungeon Sprint DCSS version 0.30-a0-1112-gfb780f5df6 (webtiles) character file.

Game seed: 4504207412867302548

511 sircluck the Cleaver (level 7, 0/74 HPs)
             Began as a Hill Orc Berserker on Apr 19, 2023.
             Was an Elder of Trog.
             Slain by a fire elemental (12 damage)
             ... summoned by a deep elf pyromancer
             ... in the Dungeon (Sprint III: "The Ten Rune Challenge").
             The game lasted 00:01:50 (951 turns).

sircluck the Cleaver (Hill Orc Berserker)            Turns: 951, Time: 00:01:50

Health: 0/74       AC:  2    Str: 22    XL:     7   Next: 19%
Magic:  7/7        EV: 13    Int:  7    God:    Trog [****..]
Gold:   25         SH:  0    Dex: 10    Spells: 6/6 levels left

rFire   . . .      SeeInvis .    a - +0 hand axe
rCold   . . .      Faith    .    (no shield)
rNeg    + . .      Spirit   .    p - +0 robe {rN+}
rPois   .          Reflect  .    (no helmet)
rElec   .          Rampage  .    (no cloak)
rCorr   .          NoTele   +    (no gloves)
Will    .....                    (no boots)
Stlth   ++                       (no amulet)
HPRegen 0.32/turn                (no ring)
MPRegen 0.10/turn                (no ring)

@: on berserk cooldown, slowed, very slow
A: no striking features
a: Renounce Religion, Berserk, Trog's Hand, Brothers in Arms


You were in the Dungeon.
You worshipped Trog.
Trog was greatly pleased with you.
You visited 1 branch You collected 25 gold pieces.

Inventory:

Hand Weapons
 a - a +0 hand axe (weapon)
Armour
 b - a +0 animal skin
 p - a +0 robe of positive energy (worn)
Wands
 i - a wand of light (8)
 o - a wand of iceblast (8)
Scrolls
 h - a scroll of blinking
 j - a scroll of poison {unknown}
 k - 2 scrolls of identify {unknown}
 m - a scroll of torment {unknown}
Potions
 c - 2 potions of curing
 d - a potion of heal wounds
 e - a potion of haste
 f - 2 potions of magic
 g - a potion of berserk rage
 l - a potion of attraction {unknown}
 n - a potion of flight {unknown}
 q - a potion of might


   Skills:
 + Level 11.0 Fighting
 + Level 12.9 Axes
 + Level 4.2 Armour
 + Level 4.7 Dodging
 + Level 3.4 Stealth


You had 6 spell levels left.
You didn't know any spells.
Your spell library was empty.

Dungeon Overview and Level Annotations

Branches:
Dungeon (1/1)

Altars:
Dithmenos
Elyvilon
Kikubaaqudgha
Okawaru
Ru
Sif Muna
Trog
Uskayaw
Vehumet
Wu Jian
Yredelemnul
Zin
The Shining One
Beogh


Message History

There is an open door, spattered with blood here.
You see here a human corpse.
You feel your anger nearly subside.
You are no longer berserk.
You are exhausted.
You feel yourself slow down.
There is an open door, spattered with blood here.
You see here a human corpse.
There is a hide-covered altar of Uskayaw, spattered with blood here.
Things that are here:
a +0 short sword of speed; a human corpse
There is an iron altar of Okawaru here.
There is a hide-covered altar of Uskayaw, spattered with blood here.
Things that are here:
a +0 short sword of speed; a human corpse
There is an open door, spattered with blood here.
You see here a human corpse.
You open the door.
Found three altars.
A deep elf pyromancer comes into view.
It is wielding a +0 long sword of holy wrath.
Found a potion of heal wounds.
The deep elf pyromancer shouts!
The deep elf pyromancer mumbles some strange words.
There is an open door here.
You hit the fire elemental.
The fire elemental is lightly damaged.
The fire elemental hits you. The fire elemental burns you!
The fire elemental closely misses you.
You hit the fire elemental.
The fire elemental is moderately damaged.
The fire elemental hits you. The fire elemental burns you!
You miss the fire elemental.
The fire elemental is moderately damaged.
The fire elemental hits you. The fire elemental burns you!
* * * LOW HITPOINT WARNING * * *
The fire elemental hits you.
* * * LOW HITPOINT WARNING * * *
The fire elemental burns you!
* * * LOW HITPOINT WARNING * * *
The fire elemental hits you. The fire elemental burns you!
You die...

▓▓▓ ▓▓▓ ..####
##.############
.....#####..#___#___#__#
...†..#!!#..#!eE#__.#._#
.##...#..#..###E#†###)##
.###..##'#..#...@......#
#.##..###...'.⌠........#
.##.)####...#...######+#
.##..###....#.⌠.#
##...##.....#...#
#....#......#'###
#..##.#.....#)).# #..
####....#___# ▓▓▓
▓▓▓▓▓▓▓▓▓▓


You could see a deep elf pyromancer and 2 fire elementals.

Vanquished Creatures
  A necrophage (D)
  A water elemental (D)
  A wizard (D)
  Jessica (D)
  A necromancer (D)
  3 humans (D)
  A kobold demonologist (D)
  A wolf (D)
  An endoplasm (D)
  2 rats (D)
13 creatures vanquished.

Notes
Turn   | Place    | Note
-------+----------+-------------------------------------------
     0 | D        | sircluck the Hill Orc Berserker began the quest for the
                  | Orb.
     0 | D        | Reached XP level 1. HP: 19/19 MP: 1/1
    34 | D        | Reached ** piety under Trog
    37 | D        | Noticed Jessica
    41 | D        | HP: 1/30 [Jessica/+0 dagger (5)]
    45 | D        | Killed Jessica
    46 | D        | Reached skill level 5 in Fighting
    46 | D        | Reached skill level 6 in Axes
    46 | D        | Reached XP level 2. HP: 2/29 MP: 2/2
    46 | D        | Reached XP level 3. HP: 3/36 MP: 3/3
   194 | D        | Reached skill level 7 in Axes
   252 | D        | Reached XP level 4. HP: 20/45 MP: 4/4
   481 | D        | Noticed a water elemental
   486 | D        | Killed a water elemental
   487 | D        | Reached skill level 8 in Axes
   487 | D        | Reached skill level 1 in Stealth
   487 | D        | Reached XP level 5. HP: 52/52 MP: 5/5
   545 | D        | Found a basalt altar of Yredelemnul.
   545 | D        | Found a shadowy altar of Dithmenos.
   545 | D        | Found a sacrificial altar of Ru.
   553 | D        | Reached *** piety under Trog
   554 | D        | Reached skill level 9 in Axes
   564 | D        | Reached skill level 10 in Axes
   629 | D        | Found a radiant altar of Vehumet.
   629 | D        | Found a shimmering blue altar of Sif Muna.
   629 | D        | Found an ancient bone altar of Kikubaaqudgha.
   635 | D        | Reached **** piety under Trog
   636 | D        | Reached XP level 6. HP: 60/63 MP: 6/6
   636 | D        | Noticed a red devil
   917 | D        | Found a hide-covered altar of Uskayaw.
   917 | D        | Found a roughly hewn altar of Beogh.
   917 | D        | Found an iron altar of Okawaru.
   917 | D        | Found a bloodstained altar of Trog.
   917 | D        | Found an ornate altar of the Wu Jian Council.
   917 | D        | Noticed a human
   918 | D        | Noticed a human
   921 | D        | Killed a human
   922 | D        | Reached skill level 10 in Fighting
   922 | D        | Reached skill level 12 in Axes
   928 | D        | Killed a human
   929 | D        | Reached XP level 7. HP: 69/74 MP: 7/7
   945 | D        | Found a glowing silver altar of Zin.
   945 | D        | Found a glowing golden altar of the Shining One.
   945 | D        | Found a white marble altar of Elyvilon.
   946 | D        | Noticed a deep elf pyromancer
   947 | D        | Noticed a fire elemental
   947 | D        | Noticed a fire elemental
   951 | D        | Slain by a fire elemental

Illustrated notes

Levels and vault maps discovered:
D:        dungeon_sprint_mu [sprint_mu_entry_cave, sprint_mu_temple_rooms,
          sprint_mu_d1_horrors, sprint_mu_d2_genie, sprint_mu_d3_branching,
          sprint_mu_orc_legion, sprint_mu_elf_gauntlet, sprint_mu_hive_nellie,
          sprint_mu_lair_fedhas, sprint_mu_vaults_butterflies,
          sprint_mu_slime_circle, sprint_mu_swamp_cave, sprint_mu_snake_twists,
          sprint_mu_blade_basic, sprint_mu_crypt_lich, sprint_mu_tomb_spiral,
          sprint_mu_vestibule_basic, sprint_mu_gehenna_hellfire,
          sprint_mu_dis_giant, sprint_mu_tartarus_statrot,
          sprint_mu_cocytus_islands, sprint_mu_zot1]

Skill      XL: |  1  2  3  4  5  6 |
---------------+-------------------+-----
Fighting       | 5 6 7 9 11 | 11.0
Axes           | 6 7 8 10 12 | 12.9
Dodging        | 2 3 4 |  4.7
Armour         | 3 4 |  4.2
Stealth        | 1 2 3 |  3.4

Action                     |  1- 3 |  4- 6 |  7- 9 || total
---------------------------+-------+-------+-------++-------
  Melee: Hand axe          |    30 |    40 |     3 ||    73
         Punch             |     2 |     1 |       ||     3
 Invoke: Berserk           |     3 |     2 |       ||     5
   Stab: Sleeping          |     1 |       |       ||     1
 Armour: Animal skin       |     2 |     2 |       ||     4
         Robe              |       |       |     4 ||     4
  Dodge: Dodged            |    17 |     9 |     1 ||    27

Table legend: (Time is in decaauts)
 A = Elapsed time spent in this place.
 B = Non-inter-level travel time spent in this place.
 C = Inter-level travel time spent in this place.
 D = Time resting spent in this place.
 E = Time spent auto-exploring this place.
 F = Levels seen in this place.
 G = Mean time per level.
                   A        B        C        D        E       F      G
               +--------+--------+--------+--------+--------+-----+--------+
         Total |    990 |    990 |      0 |    644 |     28 |   1 |  990.0 |
       Dungeon |    990 |    990 |      0 |    644 |     28 |   1 |  990.0 |
               +--------+--------+--------+--------+--------+-----+--------+

Top non-repeatable levels by time:
       D: 990 daAuts
